Map: Catalisador LE

Players

Cacaroto - Winner!

  • Race: Zerg Zerg
  • League: Silver
  • Spawn Location: 5:00

IagoAbreu

  • Race: Zerg Zerg
  • League: Silver
  • Spawn Location: 11:00

VOD

Have the link to the VOD?

Description

Time

  • Played on: March 9, 2018, 11:42 a.m.
  • Length: 17:42
Show
View Real Time Build Order
Export as new Build Order

Cacaroto Zerg - Winner!

Build Orders: Pool First 

Get SALT Encoding   

  12  0:02  Drone  
  13  0:13  Overlord  
  13  0:20  Drone  
  14  0:27  Overlord  
  14  0:32  Drone  
  15  0:37  Drone  
  16  0:46  Drone  
  17  1:00  Drone  
  18  1:07  Drone, Spawning Pool  
  18  1:08  Extractor  
  17  1:18  Drone  
  18  1:38  Drone  
  19  1:41  Drone  
  20  1:52  Hatchery  
  20  1:53  Drone  
  20  1:57  Queen  
  22  2:01  Drone  
  23  2:11  Drone  
  24  2:21  Evolution Chamber  
  23  2:24  Drone  
  23  2:25  Baneling Nest  
  23  2:46  Zergling x2  
  23  2:47  Zergling x2  
  25  3:01  Hatchery  
  25  3:04  Drone  
  25  3:10  Zergling x2  
  26  3:21  Lair  
  26  3:22  Extractor  
  26  3:23  Zerg Melee Weapons Level 1  
  26  3:27  Zergling x6  
  28  3:38  Overlord x2  
  28  3:51  Overlord  
  28  3:56  Overlord  
  28  4:02  Zergling x4  
  30  4:06  Metabolic Boost  
  30  4:09  Drone  
  30  4:19  Zergling x4  
  30  4:45  Zergling x14  
  34  4:46  Zergling x2  
  34  4:51  Drone  
  37  5:10  Zergling x10  
  42  5:21  Zerg Missile Weapons Level 1  
  42  5:24  Drone x2  
  35  5:50  Spine Crawler  
  32  6:09  Zergling x14  
  32  6:10  Zergling x2  
  39  6:15  Queen  
  35  6:35  Drone x3  
  35  6:36  Drone x2  
  40  6:41  Drone  
  40  6:44  Drone  
  40  6:45  Drone  
  43  6:50  Drone x2  
  37  7:09  Baneling  
  37  7:11  Drone  
  37  7:12  Drone x3  
  41  7:16  Spine Crawler  
  40  7:27  Hydralisk Den  
  39  7:33  Drone x4  
  43  7:49  Extractor  
  42  7:51  Spore Crawler  
  42  7:52  Pneumatized Carapace  
  42  7:58  Hydralisk x5  
  43  8:01  Overlord  
  51  8:13  Infestation Pit  
  51  8:17  Lurker Den  
  51  8:18  Hydralisk x4  
  51  8:19  Hydralisk  
  59  8:22  Overlord x2  
  59  8:42  Spire  
  58  9:08  Extractor  
  57  9:10  Spine Crawler  
  57  9:15  Hive  
  56  9:22  Hydralisk  
  56  9:23  Hydralisk x3  
  64  9:43  Hydralisk  
  64  9:44  Hydralisk x3  
  72  10:06  Mutalisk  
  74  10:09  Overlord x3  
  74  10:18  Lurker  
  74  10:21  Overlord x4  
  75  10:27  Lurker  
  76  10:30  Zerg Melee Weapons Level 2  
  76  10:35  Overseer  
  76  10:42  Mutalisk  
  78  10:50  Overseer  
  78  11:22  Infestor  
  80  11:43  Spine Crawler  
  79  11:52  Mutalisk x3  
  85  12:38  Overlord x3  
  85  12:39  Mutalisk x3  
  85  12:40  Mutalisk  
  93  12:46  Zerg Missile Weapons Level 2  
  93  12:51  Burrow  
  93  13:00  Zergling x2  
  93  13:01  Zergling x40  
  79  13:31  Zergling x8  
  79  13:32  Zergling x4  
  73  13:48  Hydralisk  
  73  13:49  Hydralisk x5  
  85  14:02  Queen  
  105  15:02  Zerg Melee Weapons Level 3  
  105  15:07  Spine Crawler  
  105  15:09  Spine Crawler  
  102  16:14  Hatchery  
  101  16:47  Hydralisk x7  
  101  16:48  Hydralisk x5  
Show
View Real Time Build Order
Export as new Build Order

IagoAbreu Zerg 

Build Orders: Pool First 

Get SALT Encoding   

  12  0:20  Spawning Pool  
  11  0:34  Drone x3  
  14  0:45  Overlord  
  14  0:56  Overlord  
  14  1:15  Queen  
  14  1:18  Drone  
  17  1:26  Extractor  
  17  1:29  Roach Warren  
  17  1:31  Extractor  
  17  1:32  Drone x2  
  16  1:46  Drone  
  17  1:56  Drone  
  18  2:01  Drone  
  19  2:27  Metabolic Boost  
  19  2:31  Hatchery  
  19  2:32  Drone  
  19  2:37  Drone  
  20  2:42  Drone  
  21  2:50  Drone  
  22  2:52  Drone  
  23  3:02  Drone  
  23  3:03  Drone  
  23  3:05  Drone  
  26  3:10  Drone  
  27  3:18  Drone  
  28  3:34  Overlord  
  28  3:35  Overlord x2  
  28  3:47  Zergling x4  
  30  3:54  Queen  
  32  3:58  Zergling x2  
  33  4:11  Zergling x4  
  33  4:12  Zergling x4  
  37  4:28  Zergling x2  
  33  4:36  Queen  
  35  4:42  Zergling x2  
  36  4:50  Zergling x2  
  37  4:56  Zergling x6  
  40  5:03  Zergling x2  
  39  5:10  Roach  
  41  5:23  Zergling x8  
  43  5:42  Zergling x4  
  38  5:46  Zergling x4  
  37  5:51  Zergling x6  
  37  6:01  Zergling x2  
  34  6:06  Zergling x6  
  27  6:12  Zergling x2  
  21  6:23  Zergling x8  
  21  6:24  Queen  
  27  6:30  Zergling x4  
  29  6:50  Baneling Nest, Drone x2  
  28  7:01  Zergling x4  
  28  7:02  Zergling x2  
  31  7:16  Zergling x4  
  33  7:29  Evolution Chamber  
  32  7:53  Roach, Zergling x10  
  32  7:54  Roach x4  
  32  7:55  Zergling x2  
  48  8:00  Drone  
  49  8:27  Drone  
  49  8:28  Drone x4  
  54  8:35  Roach  
  54  8:40  Roach  
  58  8:52  Zerg Melee Weapons Level 1  
  58  9:08  Overlord x3  
  58  9:48  Zergling x6  
  58  9:49  Roach x4, Zergling x2  
  58  9:50  Roach, Zergling x2  
  73  10:23  Roach  
  73  10:24  Overlord x3  
  73  10:25  Overlord  
  75  10:56  Roach x3  
  75  10:57  Roach x3  
  83  10:58  Zergling x4  
  83  11:01  Zergling x2  
  83  11:03  Zergling x2  
  91  11:24  Zerg Ground Armor Level 1  
  91  11:30  Zergling x2  
  91  11:31  Zergling x8  
  96  12:00  Zergling x6  
  96  12:01  Zergling x6  
  102  12:12  Unknown x2  
  102  12:16  Zergling x6  
  102  12:17  Roach  
  107  12:26  Baneling x2  
  107  12:27  Baneling x5  
  107  12:28  Baneling  
  107  12:29  Baneling  
  107  12:30  Baneling x3  
  107  13:00  Zergling x2  
  29  13:40  Lair  
  21  14:00  Zergling x16  
  21  14:01  Zergling x12  
  21  14:02  Zergling x6  
  26  14:30  Zergling x8  
  26  14:31  Zergling x12  
  32  14:52  Zergling x8  
  29  15:14  Zergling x2  
Tags
 
Add a new tag
Caveats
  • Supply blocks, unpowered buildings, or Contaminate may cause inaccurate times.
  • Supply counts are checked every 10 seconds.